 Dungeon Crawl Stone Soup version 0.31-a0-1467-g53b6572822 (webtiles) character file.

Game seed: 5357625543441825650

797 theway the Cudgeller (level 7, 0/46 HPs)
             Began as an Octopode Shapeshifter on Dec 28, 2023.
             Was an Initiate of Okawaru.
             Succumbed to a gnoll sergeant's poison
             ... on level 5 of the Dungeon.
             The game lasted 00:07:17 (4795 turns).

theway the Cudgeller (Octopode Shapeshifter)        Turns: 4795, Time: 00:07:18

Health: 0/46       AC:  5    Str: 13    XL:     7   Next: 89%
Magic:  5/7        EV: 17    Int: 12    God:    Okawaru [......]
Gold:   216        SH:  5    Dex: 14    Spells: 6/6 levels left

rFire   . . .        f - +2 whip (elec)
rCold   . . .        (no shield)
rNeg    . . .        (helmet currently unavailable)
rPois   .            n - amulet of reflection
rElec   .            q - +4 ring of protection
rCorr   .            e - ring of see invisible
SInv    +            y - ring of willpower
Will    +....        (no ring)
Stlth   +++++        (no ring)
HPRegen 0.27/turn    (no ring)
MPRegen 0.10/turn    (no ring)
                     (no ring)

%: reflection
@: lethally poisoned (0 -> -26), beast-form, heroic
A: beast (slay +1), almost no armour, amphibious, 8 rings, camouflage 1,
gelatinous body 1, (nimble swimmer 1), tentacles
a: Begin Untransformation, Renounce Religion


You were on level 5 of the Dungeon.
You worshipped Okawaru.
Okawaru was noncommittal.
You were a hulking beast.
You visited 1 branch of the dungeon, and saw 5 of its levels.

You collected 216 gold pieces.

Inventory:

Hand Weapons
 f - a +2 whip of electrocution (weapon)
Missiles
 d - 7 javelins
 u - 4 poisoned darts
Jewellery
 e - a ring of see invisible (right tentacle)
 n - an amulet of reflection (around mantle)
 q - a +4 ring of protection (left tentacle)
 y - a ring of willpower (on tentacle)
 A - a ring of magical power
Talismans
 b - a beast talisman
 c - a flux talisman
Scrolls
 g - 2 scrolls of fear
 j - 2 scrolls of brand weapon
 p - a scroll of blinking
 r - a scroll of revelation
 v - a scroll of immolation {unknown}
 x - 2 scrolls of poison {unknown}
 z - a scroll of identify
 C - a scroll of teleportation {unknown}
Potions
 a - a potion of lignification
 h - a potion of might {unknown}
 i - 5 potions of brilliance
 k - a potion of degeneration {unknown}
 l - 3 potions of curing {unknown}
 m - a potion of cancellation {unknown}
 o - a potion of heal wounds {unknown}
 s - a potion of mutation {unknown}
 t - a potion of berserk rage {unknown}
 w - a potion of ambrosia {unknown}
 B - a potion of haste {unknown}


   Skills:
 + Level 3.4(8.4) Fighting
 - Level 5.9(10.9) Maces & Flails
 + Level 3.8(8.8) Dodging
 + Level 4.4(9.4) Stealth
 - Level 3.1(8.1) Unarmed Combat
 - Level 3.0 Shapeshifting


You had 6 spell levels left.
You didn't know any spells.
Your spell library contained the following spells:

 Spells                   Type           Power      Damage    Failure   Level
 Apportation              Tloc           0%         N/A       32%         1
 Magic Dart               Conj           0%         1d3       32%         1
 Necrotise                Necr           0%         1d4       32%         1
 Sting                    Conj/Alch      0%         1d3       32%         1
 Jinxbite                 Hex            0%         N/A       45%         2
 Searing Ray              Conj           0%         2d4       45%         2
 Fulminant Prism          Conj/Alch      0%         3d5       97%         4
 Alistair's Intoxication  Alch           0%         N/A       100%        5
 Summon Small Mammal      Summ           Unusable   N/A       N/A         1

Dungeon Overview and Level Annotations

Branches:
Dungeon (5/15)
 Temple: D:4-7

Altars:
Okawaru
Vehumet

Shops:
D:4 **


Innate Abilities, Weirdness & Mutations

You are a hulking beast.
Your limbs bulge with bestial killing power. (Slay +1)
You cannot wear most types of armour.
You are amphibious.
You can wear up to eight rings at the same time.
Your skin changes colour to match your surroundings (Stealth+).
Your rubbery body absorbs attacks. (AC +1, EV +1)
((You are camouflaged when in or above water. (Stealth+)))
You have tentacles for arms and can constrict up to eight enemies at once.


Message History

Okawaru accepts your kill. The gnoll barely misses you.
Things that are here:
a +0 flail; a gnoll corpse You gain the combat prowess of a mighty hero.
You can no longer gain great but temporary skills.
The gnoll misses you.
You hit the gnoll. You grab the gnoll.
The gnoll is lightly wounded.
You constrict the gnoll, but do no damage.
The gnoll misses you.
You whack the gnoll!
The gnoll is severely wounded.
You constrict the gnoll. The gnoll barely misses you.
You barely miss the gnoll.
The gnoll is severely wounded.
You constrict the gnoll. The gnoll hits you with a +0 whip.
You hit the gnoll. Lightning courses through the gnoll!
You kill the gnoll!
Okawaru accepts your kill. The gnoll misses you.
The gnoll sergeant hits you from afar with a +3 trident of venom!
* * * LOW HITPOINT WARNING * * *
You are lethally poisoned!
The gnoll closely misses you.
You see here a +0 whip.
Unknown command.
Unknown command.
Unknown command.
Okay, then.
Unknown command.
Blink to where?
Press: ? - help, Dir - move target
As you read the scroll of blinking, it crumbles to dust.
* * * LOW HITPOINT WARNING * * *
You feel very sick.
The gnoll sergeant hits you from afar with a +3 trident of venom!
* * * LOW HITPOINT WARNING * * *
You are more poisoned.
You die...

.##.# .... .
####.).#.## +......#..
#....#... # .#.#.#
#...#....#.##..
.#.#.#.
#...#.......... ......
#...#.h.......# ....#
#..###...##... g...
##.....####..###ggg#
.g# 8.....8
#.....#...#######..#
#.....#
#.....#.)......>...#
8...8
#..<..#.).....?....#
##>##
#.....#...(........#
###
#.....#............+
#.#
######.###..##...###.#


You could see a gnoll sergeant and 2 gnolls.

Vanquished Creatures
  An orc warrior (D:4)
  A black bear (D:4)
  A scorpion (D:4)
  5 hounds
  An orc priest (D:5)
  Jessica (D:2)
  Terence (D:3)
  2 iguanas
  2 orc wizards
  2 gnolls (D:5)
  8 adders
  An adder skeleton (D:2)
  3 worms (D:2)
  4 dart slugs
  4 orcs
  9 ball pythons
  A bat zombie (D:2)
  7 endoplasms
  6 giant cockroaches
  14 goblins
  8 hobgoblins
  4 jackals (D:2)
  7 quokkas
  2 ball python zombies (D:2)
  5 bats
  2 frilled lizards
  A giant cockroach zombie (D:2)
  A jackal skeleton (D:2)
  9 kobolds
  A quokka skeleton (D:2)
  A quokka zombie (D:2)
  11 rats
126 creatures vanquished.

Notes
Turn   | Place    | Note
-------+----------+-------------------------------------------
     0 | D:1      | theway the Octopode Shapeshifter began the quest for the
                  | Orb.
     0 | D:1      | Reached XP level 1. HP: 13/13 MP: 1/1
    82 | D:1      | Reached XP level 2. HP: 17/18 MP: 2/2
   243 | D:1      | Reached skill level 1 in Maces & Flails
   382 | D:1      | Reached XP level 3. HP: 19/23 MP: 3/3
   391 | D:1      | Reached skill level 2 in Maces & Flails
   976 | D:2      | Identified the +1 whip "Jubext" {drain, Str-3 Int+5}
  1082 | D:2      | Reached skill level 3 in Maces & Flails
  1092 | D:2      | Noticed Jessica
  1093 | D:2      | Reached XP level 4. HP: 27/28 MP: 4/4
  1099 | D:2      | Killed Jessica
  1363 | D:2      | Reached skill level 4 in Maces & Flails
  1465 | D:2      | Reached XP level 5. HP: 33/33 MP: 5/5
  2103 | D:3      | Found a radiant altar of Vehumet.
  2120 | D:3      | Noticed Terence
  2128 | D:3      | Killed Terence
  2497 | D:3      | Found a glowing drain.
  2508 | D:3      | Reached skill level 5 in Maces & Flails
  3243 | D:4      | Reached XP level 6. HP: 38/38 MP: 6/6
  3246 | D:4      | Found an iron altar of Okawaru.
  3336 | D:4      | Became a worshipper of Warmaster Okawaru
  3415 | D:4      | Found Pyirph's Assorted Antiques.
  3416 | D:4      | Noticed an orc warrior
  3594 | D:4      | Found Veriseu's General Store.
  3781 | D:4      | Reached skill level 1 in Stealth
  3782 | D:4      | Noticed a black bear
  3798 | D:5      | Entered Level 5 of the Dungeon
  3809 | D:5      | Reached XP level 7. HP: 25/45 MP: 7/7
  4309 | D:4      | Reached * piety under Okawaru
  4795 | D:5      | Succumbed to a gnoll sergeant's poison

Illustrated notes

Levels and vault maps discovered:
D:1:      spicycebolla_arrival_clurvy, layout_loops_ring
D:2:      kennysheep_the_goblin_king, layout_basic, serial_undead,
          serial_undead_c, serial_undead_a, serial_undead_e, serial_undead_f,
          serial_undead_a, serial_undead_f, serial_undead_e, serial_undead_a,
          serial_undead_d, serial_undead_b, minmay_tree_intersection,
          minmay_surrounded, uniq_jessica
D:3:      layout_loops_cross, nicolae_vehumet_radiance, portal_sewer_entry_f,
          serial_co_window_serial, co_window_paths_a,
          co_window_of_opportunity_a, co_window_paths_a, co_window_corner_a,
          co_window_corner_a, co_window_unsneaky_path_d, co_window_corner_cb,
          co_window_paths_c, co_window_sun, co_window_paths_d, glass_columns_a,
          glass_columns_a, uniq_terence
D:4:      minmay_evil_eye, layout_basic, kennysheep_okawaru_gauntlet,
          serial_shops, shop, nicolae_stop_n_shop_1, minmay_crossroads
D:5:      old_forge, layout_gridville, nemelex_diamond_rough_becter,
          nicolae_overflow_hidden_temple, minmay_temple_entry_ruins,
          st_stairs_11, kennysheep_generic_room_12

Skill      XL: |  1  2  3  4  5  6  7 |
---------------+----------------------+-----
Maces & Flails | 1 3 4 5 |  5.9
Stealth        | 2 4 |  4.4
Fighting       | 2 3 |  3.4
Dodging        | 3 |  3.8
Unarmed Combat | |  3.1
Shapeshifting  | |  3.0

Action                     |  1- 3 |  4- 6 |  7- 9 || total
---------------------------+-------+-------+-------++-------
  Melee: Unarmed           |     7 |       |       ||     7
         Whip              |    66 |   121 |    42 ||   229
         Constrict         |    22 |    34 |    10 ||    66
         Tentacles         |     9 |    17 |     8 ||    34
         Punch             |     2 |     1 |     1 ||     4
 Invoke: Heroism           |       |       |     2 ||     2
    Use: Scroll            |       |     9 |     1 ||    10
   Stab: Distracted        |     2 |       |       ||     2
         Sleeping          |     6 |     3 |     3 ||    12
 Armour: Skin              |    27 |    41 |    30 ||    98
  Dodge: Dodged            |    46 |    47 |    39 ||   132
  Block: Other             |     2 |    18 |     7 ||    27

Table legend: (Time is in decaauts)
 A = Elapsed time spent in this place.
 B = Non-inter-level travel time spent in this place.
 C = Inter-level travel time spent in this place.
 D = Time resting spent in this place.
 E = Time spent auto-exploring this place.
 F = Levels seen in this place.
 G = Mean time per level.
                   A        B        C        D        E       F      G
               +--------+--------+--------+--------+--------+-----+--------+
         Total |   4764 |   4508 |    256 |   1081 |   2582 |   5 |  952.8 |
       Dungeon |   4764 |   4508 |    256 |   1081 |   2582 |   5 |  952.8 |
               +--------+--------+--------+--------+--------+-----+--------+

Top non-repeatable levels by time:
     D:3: 1546 daAuts
     D:2: 1010 daAuts
     D:4: 921 daAuts
     D:1: 763 daAuts
     D:5: 524 daAuts
